 Dungeon Crawl Stone Soup version 0.21-a0-185-g3a6ed1e (webtiles) character file.

1339 polean the Charmwright (level 8, -3/58 HPs)
             Began as a Human Skald on Aug 13, 2017.
             Was an Initiate of Wu Jian.
             Slain by Pugs23's ghost (19 damage)
             ... on level 7 of the Dungeon.
             The game lasted 00:35:29 (6206 turns).

polean the Charmwright (Human Skald)                Turns: 6206, Time: 00:35:29

Health: -3/58      AC:  8    Str: 13    XL:     8   Next: 93%
Magic:  15/23      EV: 13    Int: 14    God:    Wu Jian [......]
Gold:   404        SH:  0    Dex: 13    Spells: 4/15 levels left

rFire    . . .     SeeInvis .   a - +0 spear
rCold    . . .     Gourm    .   (no shield)
rNeg     . . .     Faith    .   b - +2 leather armour
rPois    .         Spirit   .   (no helmet)
rElec    .         Reflect  .   h - +2 cloak
rCorr    .         Harm     .   (no gloves)
MR       .....                  (no boots)
Stlth    ++........             (no amulet)
HPRegen  1.19/turn              e - ring of magical power
MPRegen  0.18/turn              (no ring)

@: infused, regenerating
A: no striking features
a: Renounce Religion


You were on level 7 of the Dungeon.
You worshipped Wu Jian.
Wu Jian was noncommittal.
You were not hungry.

You visited 1 branch of the dungeon, and saw 7 of its levels.

You collected 404 gold pieces.

Inventory:

Hand Weapons
 a - a +0 spear (weapon)
Armour
 b - a +2 leather armour (worn)
 h - a +2 cloak (worn)
Jewellery
 e - a ring of magical power (left hand)
Wands
 k - a wand of confusion (11/48)
Scrolls
 g - 7 scrolls of remove curse
 l - 3 scrolls of teleportation
Books
 c - a book of Battle

   Spells                             Type                      Level
   a - Infusion                       Charms                       1
   b - Shroud of Golubria             Charms/Translocation         2
   c - Song of Slaying                Charms                       2
   d - Spectral Weapon                Hexes/Charms                 3
   e - Regeneration                   Charms/Necromancy            3
Comestibles
 d - 4 bread rations
 i - 4 royal jellies
 j - 2 meat rations


   Skills:
 + Level 3.2 Fighting
 + Level 5.5 Polearms
 + Level 2.6 Armour
 + Level 3.6 Dodging
 + Level 2.1 Stealth
 + Level 4.4 Spellcasting
 + Level 0.2 Hexes
 + Level 5.6 Charms
 + Level 0.6 Necromancy
 + Level 1.5 Translocations


You had 4 spell levels left.
You knew the following spells:

 Your Spells              Type           Power        Failure   Level  Hunger
a - Infusion              Chrm           ###.         2%          1    None
b - Shroud of Golubria    Chrm/Tloc      ##........   9%          2    ##.....
c - Regeneration          Chrm/Necr      ##........   19%         3    ###....
d - Song of Slaying       Chrm           ###.....     3%          2    ##.....
e - Spectral Weapon       Hex/Chrm       ##......     22%         3    ###....


Dungeon Overview and Level Annotations

Branches:
Dungeon (7/15)             Temple (0/1) D:6

Altars:
Gozag
Qazlal
Wu Jian
Xom

Annotations:
D:7 Pugs23's ghost, novice BaWn


Message History

You barely miss Pugs23's ghost.
Pugs23's ghost is lightly damaged.
Your spectral weapon hits Pugs23's ghost from afar.
You closely miss Pugs23's ghost.
Pugs23's ghost is lightly damaged.
Your spectral weapon barely misses Pugs23's ghost.
Pugs23's ghost hits you but does no damage.
You hit Pugs23's ghost but do no damage.
Pugs23's ghost is lightly damaged.
Your spectral weapon hits Pugs23's ghost from afar!
Pugs23's ghost hits you!
* * * LOW HITPOINT WARNING * * *
You hit Pugs23's ghost.
Pugs23's ghost is moderately damaged.
Your spectral weapon hits Pugs23's ghost from afar.
Pugs23's ghost says, "You must not fail where I succeeded!"
Casting: Spectral Weapon
Confirm with . or Enter, or press ? or * to list all spells.
Your skin crawls.
Pugs23's ghost hits you!!
You die...

. # ..
#.######.#
#...W(..(#
#@..#
###.# #


You could see Pugs23's ghost and a friendly spectral spear.

Vanquished Creatures
  Prince Ribbit (D:5)
  The ghost of tehllama the Insei, an amateur OpTm (D:4)
  A sky beast (D:6)
  2 ice beasts
  A bullfrog zombie (D:6)
  5 crimson imps
  A centaur zombie (D:5)
  2 centaur skeletons
  An orc priest (D:4)
  3 orc wizards (D:5)
  Natasha (thrice) (D:4)
  A worker ant (D:5)
  7 adders
  4 gnolls (D:6)
  A shadow imp (D:5)
  An adder skeleton (D:4)
  2 adder zombies
  A worm (D:3)
  4 dart slugs
  2 leopard geckos (D:2)
  7 orcs
  8 bats
  5 giant cockroaches
  6 goblins
  4 hobgoblins
  2 quokkas
  2 ball pythons
  5 frilled lizards
  9 kobolds
  2 rats (D:3)
94 creatures vanquished.

Vanquished Creatures (others)
  3 spectral weapons
3 creatures vanquished.

Grand Total: 97 creatures vanquished

Notes
Turn   | Place    | Note
-------+----------+-------------------------------------------
     0 | D:1      | polean the Human Skald began the quest for the Orb.
     0 | D:1      | Reached XP level 1. HP: 16/16 MP: 3/3
   144 | D:1      | Reached XP level 2. HP: 13/22 MP: 5/5
   304 | D:1      | Learned a level 2 spell: Shroud of Golubria
   781 | D:1      | Reached XP level 3. HP: 27/27 MP: 6/6
  1473 | D:2      | Reached XP level 4. HP: 33/33 MP: 7/7
  1521 | D:2      | Learned a level 3 spell: Regeneration
  2130 | D:3      | Learned a level 2 spell: Song of Slaying
  2558 | D:3      | Reached XP level 5. HP: 38/38 MP: 8/9
  2665 | D:4      | Noticed tehllama's ghost (amateur OpTm)
  2683 | D:4      | Killed tehllama's ghost
  2683 | D:4      | Reached XP level 6. HP: 35/44 MP: 6/11
  2703 | D:3      | HP: 2/44 [poisoned by tehllama's ghost]
  2985 | D:4      | Learned a level 3 spell: Spectral Weapon
  3037 | D:4      | Noticed Natasha
  3044 | D:4      | Killed Natasha
  3133 | D:4      | Reached skill level 1 in Stealth
  3224 | D:4      | Noticed Natasha
  3242 | D:4      | Killed Natasha
  3242 | D:4      | Reached XP level 7. HP: 42/50 MP: 8/12
  3352 | D:4      | Found a shimmering altar of Xom.
  3387 | D:4      | Noticed Natasha
  3395 | D:4      | Killed Natasha
  3543 | D:4      | Reached skill level 1 in Translocations
  3986 | D:5      | Entered Level 5 of the Dungeon
  4186 | D:5      | Reached XP level 8. HP: 57/57 MP: 14/14
  4265 | D:5      | Reached skill level 5 in Charms
  4613 | D:5      | Noticed Prince Ribbit
  4641 | D:5      | Killed Prince Ribbit
  4641 | D:5      | Reached skill level 5 in Polearms
  4850 | D:5      | Found an ornate altar of the Wu Jian Council.
  4865 | D:5      | Became a worshipper of the Wu Jian Council
  4946 | D:5      | Found an opulent altar of Gozag.
  4946 | D:5      | Found a stormy altar of Qazlal.
  6165 | D:6      | Found a staircase to the Ecumenical Temple.
  6194 | D:7      | Noticed Pugs23's ghost (novice BaWn)
  6206 | D:7      | Slain by Pugs23's ghost

Vault maps used:
D:1:      elethiomel_arrival_shortcut, minivault_26
D:4:      led_xom_imps, uniq_natasha
D:5:      gammafunk_temple_overflow_wave, lemuel_round_altar, first_bread,
          uniq_prince_ribbit1
D:6:      temple_statues

Skill      XL: |  1  2  3  4  5  6  7  8 |
---------------+-------------------------+-----
Polearms       | 3 4 5 |  5.5
Armour         | 2 |  2.6
Spellcasting   | 3 4 |  4.4
Charms         | 4 5 |  5.6
Stealth        | 1 2 |  2.1
Translocations | 1 |  1.5
Dodging        | 3 |  3.6
Fighting       | 3 |  3.2
Hexes          | |  0.2
Necromancy     | |  0.6

Action                   |  1- 3 |  4- 6 |  7- 9 || total
-------------------------+-------+-------+-------++-------
Melee: Spear             |    83 |   113 |   307 ||   503
 Cast: Infusion          |    16 |    16 |    25 ||    57
       Shroud of Golubri |     5 |     7 |    19 ||    31
       Song of Slaying   |       |     5 |     4 ||     9
       Regeneration      |       |     2 |     3 ||     5
       Spectral Weapon   |       |       |     5 ||     5
  Use: Scroll            |     8 |     7 |     4 ||    19
       Potion            |     1 |     3 |     2 ||     6
 Stab: Sleeping          |     2 |     3 |     4 ||     9
  Eat: Chunk             |     2 |     6 |     1 ||     9
       Meat ration       |       |     1 |     2 ||     3
Armor: Leather armour    |    12 |    31 |    74 ||   117
Dodge: Dodged            |    47 |    64 |   112 ||   223
